[Event "46th GRE-chT Premier 2018"]
[Site "Rio Achaia"]
[Date "2018.07.10"]
[Round "1"]
[White "Yilmaz, Mustafa"]
[Black "Macieja, Bartlomiej"]
[Result "1/2-1/2"]
[ECO "D37"]
[WhiteElo "2624"]
[BlackElo "2525"]
[Annotator "ChessBase"]
[PlyCount "70"]
[EventDate "2018.07.10"]
[EventType "team-tourn"]
[EventCountry "GRE"]
[SourceTitle "playchess.com"]
[Source "ChessBase"]
[SourceQuality "1"]
[TimeControl "40/5400+30:1800+30"]

1. d4 Nf6 2. c4 e6 3. Nf3 d5 4. Nc3 dxc4 5. e4 Bb4 6. Bxc4 Nxe4 7. O-O Nxc3 8. bxc3 Be7 9. Ne5 O-O 10. Qg4 Nc6 11. Re1 f5 12. Qf3 Nxe5 13. Rxe5 Kh8 14. Bf4 Bd6 15. Re3 Bxf4 16. Qxf4 Qd6 17. Qxd6 cxd6 18. Bxe6 f4 19. Ree1 Bxe6 20. Rxe6 Rac8 21. Rxd6 Rxc3 22. Rd7 f3 23. Rxb7 fxg2 24. Rab1 Rd3 25. R1b3 Rxd4 26. Rxa7 h6 27. Kxg2 Rdf4 28. f3 R8f6 29. Re7 Rg6+ 30. Kf1 Rc4 31. Rbe3 Ra6 32. Re2 Rc1+ 33. Kf2 Ra1 34. Rd7 R1xa2 35. Rxa2 Rxa2+ 1/2-1/2

[Event "46th GRE-chT Premier 2018"]
[Site "Rio Achaia"]
[Date "2018.07.10"]
[Round "1"]
[White "Erdos, Viktor"]
[Black "Lupulescu, Constantin"]
[Result "1/2-1/2"]
[ECO "D55"]
[WhiteElo "2619"]
[BlackElo "2617"]
[Annotator "ChessBase"]
[PlyCount "69"]
[EventDate "2018.07.10"]
[EventType "team-tourn"]
[EventCountry "GRE"]
[SourceTitle "playchess.com"]
[Source "ChessBase"]
[SourceQuality "1"]
[TimeControl "40/5400+30:1800+30"]

1. d4 Nf6 2. c4 e6 3. Nf3 d5 4. Nc3 Be7 5. Bg5 h6 6. Bxf6 Bxf6 7. e3 O-O 8. Rc1 c6 9. Bd3 Nd7 10. O-O dxc4 11. Bxc4 e5 12. h3 exd4 13. exd4 Nb6 14. Bb3 Bf5 15. Re1 Re8 16. Rxe8+ Qxe8 17. Qd2 Qd7 18. Re1 a5 19. a3 Re8 20. Rxe8+ Qxe8 21. Qf4 Be6 22. Bxe6 Qxe6 23. Qc7 Nc4 24. Qxb7 Bxd4 25. Nxd4 Qe1+ 26. Kh2 Qe5+ 27. Kg1 Qe1+ 28. Kh2 Qe5+ 29. g3 Qxd4 30. Qc8+ Kh7 31. Qf5+ Kg8 32. Kg2 Nxb2 33. Qc8+ Kh7 34. Qf5+ Kg8 35. Qc8+ 1/2-1/2

[Event "46th GRE-chT Premier 2018"]
[Site "Rio Achaia"]
[Date "2018.07.10"]
[Round "1"]
[White "Banikas, Hristos"]
[Black "Mihok, Oliver"]
[Result "1-0"]
[ECO "E73"]
[WhiteElo "2591"]
[BlackElo "2550"]
[Annotator "ChessBase"]
[PlyCount "119"]
[EventDate "2018.07.10"]
[EventType "team-tourn"]
[EventCountry "GRE"]
[SourceTitle "playchess.com"]
[Source "ChessBase"]
[SourceQuality "1"]
[TimeControl "40/5400+30:1800+30"]

1. d4 Nf6 2. c4 g6 3. Nc3 Bg7 4. e4 d6 5. Be2 O-O 6. Bg5 c5 7. d5 e6 8. Qd2 exd5 9. exd5 Qb6 10. Nf3 Bf5 11. Nh4 Ne4 12. Nxe4 Bxe4 13. f3 h6 14. Bxh6 Bxh6 15. Qxh6 Qxb2 16. O-O Bc2 17. f4 Nd7 18. f5 Qg7 19. Qc1 Qd4+ 20. Kh1 Qxh4 21. Qxc2 Ne5 22. Rab1 b6 23. Rb3 Rfe8 24. Qc1 Nd7 25. Rh3 Qd4 26. f6 Nxf6 27. Qh6 Nh5 28. Bxh5 Qg7 29. Qxg7+ Kxg7 30. Bd1 Re4 31. Rhf3 f5 32. Rc3 Rae8 33. g4 fxg4 34. Rg1 Rf8 35. Bxg4 Rf2 36. Bd1 Rh4 37. Rg2 Rf1+ 38. Rg1 Rf2 39. h3 Rxa2 40. Bc2 Rh6 41. Re1 g5 42. Rg1 Rh5 43. Bd1 Rh4 44. Bg4 Rh6 45. Be6 Rf6 46. Rxg5+ Kh6 47. Rg2 Rff2 48. Rxf2 Rxf2 49. Ra3 Rc2 50. Rxa7 Rxc4 51. Rd7 b5 52. Rxd6 b4 53. Rb6 Kg5 54. d6 Rd4 55. d7 Kf6 56. Bg4+ Ke7 57. Kg2 Rxd7 58. Bxd7 Kxd7 59. Kf2 Kc7 60. Rg6 {[%emt 0:00:07] Kd6} 1-0

[Event "46th GRE-chT Premier 2018"]
[Site "Rio Achaia"]
[Date "2018.07.10"]
[Round "1"]
[White "Postny, Evgeny"]
[Black "Zysk, Robert"]
[Result "1-0"]
[ECO "E00"]
[WhiteElo "2585"]
[BlackElo "2421"]
[Annotator "RC"]
[PlyCount "59"]
[EventDate "2018.07.10"]
[EventType "team-tourn"]
[EventCountry "GRE"]
[SourceTitle "playchess.com"]
[Source "ChessBase"]
[SourceQuality "1"]
[TimeControl "40/5400+30:1800+30"]

1. d4 e6 2. c4 Bb4+ 3. Bd2 Bxd2+ 4. Qxd2 Nf6 5. Nc3 d5 6. e3 O-O 7. Nf3 Qe7 8. cxd5 exd5 9. Bd3 Nc6 10. h3 Rd8 11. a3 Ne4 12. Qc2 Bf5 13. Bxe4 dxe4 14. Nd2 Re8 15. Ne2 Rad8 16. Rc1 Qg5 17. Qc5 h6 18. g4 Bg6 19. Qxg5 hxg5 20. Rc5 f6 21. h4 gxh4 22. Rxh4 Rd7 23. g5 Nd8 24. gxf6 gxf6 25. Nf4 Bh7 26. Nd5 Re6 27. Nxc7 Rc6 28. Rxc6 bxc6 29. Ne8 Rf7 30. Nd6 1-0

[Event "46th GRE-chT Premier 2018"]
[Site "Rio Achaia"]
[Date "2018.07.10"]
[Round "1"]
[White "Sadzikowski, Daniel"]
[Black "Mitsis, Georgios"]
[Result "1-0"]
[ECO "A05"]
[WhiteElo "2567"]
[BlackElo "2350"]
[Annotator "ChessBase"]
[PlyCount "87"]
[EventDate "2018.07.10"]
[EventType "team-tourn"]
[EventCountry "GRE"]
[SourceTitle "playchess.com"]
[Source "ChessBase"]
[SourceQuality "1"]
[TimeControl "40/5400+30:1800+30"]

1. Nf3 Nf6 2. g3 d5 3. Bg2 e6 4. O-O c5 5. d4 cxd4 6. b3 Nc6 7. Nxd4 Bc5 8. Nxc6 bxc6 9. Nc3 O-O 10. Bb2 Qe7 11. Na4 Bd6 12. c4 Bb7 13. Rc1 Rfd8 14. cxd5 cxd5 15. Qd3 a5 16. Rc2 Ba6 17. Qd2 Bb5 18. Nc3 Be8 19. Rfc1 h6 20. Qd3 Nd7 21. Na4 Ne5 22. Qd4 f6 23. Nb6 Rab8 24. Nc8 Qd7 25. Nxd6 Qxd6 26. f4 Nf7 27. Rc5 a4 28. b4 Qa6 29. e4 dxe4 30. Qxe4 a3 31. Bc3 Qb6 32. Kh1 Rd6 33. Be1 Rbd8 34. Qb7 Qxb7 35. Bxb7 Rd1 36. Kg2 e5 37. Bf3 Rxc1 38. Rxc1 Bd7 39. Rc3 exf4 40. gxf4 Be6 41. Rxa3 Rd4 42. b5 Bd5 43. b6 Nd6 44. Ra7 1-0

[Event "46th GRE-chT Premier 2018"]
[Site "Rio Achaia"]
[Date "2018.07.10"]
[Round "1"]
[White "Boruchovsky, Avital"]
[Black "Warmerdam, Max"]
[Result "1/2-1/2"]
[ECO "A34"]
[WhiteElo "2558"]
[BlackElo "2424"]
[Annotator "ChessBase"]
[PlyCount "126"]
[EventDate "2018.07.10"]
[EventType "team-tourn"]
[EventCountry "GRE"]
[SourceTitle "playchess.com"]
[Source "ChessBase"]
[SourceQuality "1"]
[TimeControl "40/5400+30:1800+30"]

1. Nf3 Nf6 2. c4 c5 3. Nc3 d5 4. cxd5 Nxd5 5. e4 Nb4 6. Bc4 Nd3+ 7. Ke2 Nf4+ 8. Kf1 Ne6 9. b4 g6 10. bxc5 Bg7 11. Ba3 O-O 12. Rb1 Nc6 13. Ne2 Qa5 14. Qc1 b6 15. Bd5 Ba6 16. Bxc6 Nf4 17. Nfg1 Rac8 18. cxb6 Qg5 19. g3 Nxe2 20. Nxe2 Qg4 21. b7 Bxe2+ 22. Kg1 Bd3 23. bxc8=Q Rxc8 24. Rb3 Bxe4 25. Bxe4 Rxc1+ 26. Bxc1 Qxe4 27. Rb8+ Bf8 28. d3 Qe1+ 29. Kg2 Qe5 30. Rb3 Qd5+ 31. f3 a5 32. Re1 a4 33. Rb8 Kg7 34. g4 f6 35. Rb2 Qxd3 36. Rd2 Qc3 37. g5 Qc6 38. Bb2 Kf7 39. gxf6 exf6 40. Rc1 Qb7 41. Rdc2 Bd6 42. Rd1 Be7 43. Rd4 a3 44. Bc1 g5 45. Rdc4 Kg6 46. h4 h6 47. Be3 Bd6 48. hxg5 hxg5 49. R4c3 Qh7 50. Bf2 Qh2+ 51. Kf1 Qh1+ 52. Ke2 Qg2 53. Rc4 Bg3 54. Ke3 Bf4+ 55. Ke2 Bg3 56. Ke3 Bf4+ 57. Ke2 f5 58. Rxf4 gxf4 59. Rc3 Qh1 60. Rxa3 Qb1 61. Ra6+ Kg5 62. Rb6 Qxa2+ 63. Kf1 Qc4+ 1/2-1/2

[Event "46th GRE-chT Premier 2018"]
[Site "Rio Achaia"]
[Date "2018.07.10"]
[Round "1"]
[White "Nikolov, Momchil"]
[Black "David, Alberto"]
[Result "1/2-1/2"]
[ECO "E53"]
[WhiteElo "2551"]
[BlackElo "2549"]
[Annotator "ChessBase"]
[PlyCount "39"]
[EventDate "2018.07.10"]
[EventType "team-tourn"]
[EventCountry "GRE"]
[SourceTitle "playchess.com"]
[Source "ChessBase"]
[SourceQuality "1"]
[TimeControl "40/5400+30:1800+30"]

1. d4 Nf6 2. c4 e6 3. Nc3 Bb4 4. e3 O-O 5. Bd3 d5 6. Nf3 c5 7. O-O cxd4 8. exd4 dxc4 9. Bxc4 b6 10. Bg5 Bb7 11. Rc1 Bxc3 12. Rxc3 Nbd7 13. Qe2 Qb8 14. Bh4 Qf4 15. Bg3 Qe4 16. Re3 Qc6 17. Bb5 Qd5 18. Bc4 Qc6 19. Bb5 Qd5 20. Bc4 1/2-1/2

[Event "46th GRE-chT Premier 2018"]
[Site "Rio Achaia"]
[Date "2018.07.10"]
[Round "1"]
[White "Baron, Tal"]
[Black "Tzermiadianos, Andreas"]
[Result "1-0"]
[ECO "B01"]
[WhiteElo "2530"]
[BlackElo "2437"]
[Annotator "RC"]
[PlyCount "71"]
[EventDate "2018.07.10"]
[EventType "team-tourn"]
[EventCountry "GRE"]
[SourceTitle "playchess.com"]
[Source "ChessBase"]
[SourceQuality "1"]
[TimeControl "40/5400+30:1800+30"]

1. e4 d5 2. exd5 Qxd5 3. Nc3 Qa5 4. Bc4 Nf6 5. d3 Bg4 6. f3 Bd7 7. Bd2 Qb6 8. Qe2 e6 9. f4 c5 10. f5 Nc6 11. fxe6 fxe6 12. Nf3 Nd4 13. Nxd4 cxd4 14. Ne4 Bb4 15. O-O Bxd2 16. Nxf6+ gxf6 17. Qxd2 Rf8 18. Qh6 O-O-O 19. Rxf6 Rxf6 20. Qxf6 Qxb2 21. Re1 Qxc2 22. Qf4 e5 23. Qxe5 Qd2 24. h3 Re8 25. Qc5+ Kd8 26. Rxe8+ Kxe8 27. Qxd4 h6 28. Qe5+ Kd8 29. Qb8+ Ke7 30. Qxb7 Qe1+ 31. Kh2 Qe5+ 32. g3 Qe2+ 33. Qg2 Qh5 34. h4 Kd6 35. Qf2 a5 36. d4 {Kd5} 1-0

[Event "46th GRE-chT Premier 2018"]
[Site "Rio Achaia"]
[Date "2018.07.10"]
[Round "1"]
[White "Kelires, Andreas"]
[Black "Lekic, Dusan"]
[Result "1-0"]
[ECO "D11"]
[WhiteElo "2530"]
[BlackElo "2356"]
[Annotator "ChessBase"]
[PlyCount "97"]
[EventDate "2018.07.10"]
[EventType "team-tourn"]
[EventCountry "GRE"]
[SourceTitle "playchess.com"]
[Source "ChessBase"]
[SourceQuality "1"]
[TimeControl "40/5400+30:1800+30"]

1. d4 d5 2. c4 c6 3. Nf3 Nf6 4. g3 dxc4 5. Bg2 b5 6. Ne5 Bb7 7. O-O e6 8. b3 cxb3 9. axb3 Be7 10. Bb2 O-O 11. Qc2 Qb6 12. Nd2 Rc8 13. Ne4 Nfd7 14. Rfd1 f5 15. Nxd7 Nxd7 16. Nc5 Nxc5 17. dxc5 Qc7 18. e4 Rf8 19. f4 a5 20. Be5 Qc8 21. Bd6 Bxd6 22. Rxd6 Rd8 23. e5 Rxd6 24. exd6 Qd8 25. Re1 Kf7 26. Re5 a4 27. bxa4 Rxa4 28. h4 Qd7 29. h5 Bc8 30. Qb3 Kf8 31. Qf3 Ra1+ 32. Kh2 Qf7 33. g4 fxg4 34. Qxg4 Bd7 35. h6 gxh6 36. Qh4 Kg7 37. f5 Qf6 38. Qg3+ Kf7 39. fxe6+ Bxe6 40. Re2 Ra2 41. Rxa2 Bxa2 42. Bxc6 Qd4 43. Qf3+ Kg7 44. Qg2+ Kf6 45. Qf1+ Kg7 46. Qg1+ Qxg1+ 47. Kxg1 Kf6 48. Bxb5 Ke6 49. Bc6 {[%emt 0:01:10] Kd5} 1-0

[Event "46th GRE-chT Premier 2018"]
[Site "Rio Achaia"]
[Date "2018.07.10"]
[Round "1"]
[White "Vlachos, Anatole"]
[Black "Abelakiotis, Stavros"]
[Result "1-0"]
[ECO "A04"]
[WhiteElo "2428"]
[BlackElo "2029"]
[Annotator "NA"]
[PlyCount "89"]
[EventDate "2018.07.10"]
[EventType "team-tourn"]
[EventCountry "GRE"]
[SourceTitle "playchess.com"]
[Source "ChessBase"]
[SourceQuality "1"]
[TimeControl "40/5400+30:1800+30"]

1. Nf3 c5 2. g3 b6 3. Bg2 Bb7 4. O-O Nf6 5. c4 e6 6. b3 Be7 7. Bb2 O-O 8. Nc3 d5 9. Ne5 Nbd7 10. d4 cxd4 11. Qxd4 Bc5 12. Qf4 Bd6 13. Nxf7 Bxf4 14. Nxd8 Raxd8 15. gxf4 Nc5 16. b4 Nce4 17. Nxe4 Nxe4 18. cxd5 Bxd5 19. e3 Rc8 20. Rac1 Nf6 21. Bxf6 Bxg2 22. Kxg2 gxf6 23. Rfd1 Rxc1 24. Rxc1 Rf7 25. Rc6 Re7 26. f5 exf5 27. Rxf6 Re5 28. Kf3 Kg7 29. Rc6 Rb5 30. a3 a5 31. Kf4 axb4 32. axb4 Rxb4+ 33. Kxf5 Rb2 34. f4 b5 35. Rc7+ Kh6 36. e4 Rxh2 37. e5 b4 38. Rb7 Rb2 39. e6 b3 40. e7 Re2 41. Kf6 b2 42. Kf7 Kh5 43. e8=Q Rxe8 44. Kxe8 Kg4 45. Rxb2 1-0

[Event "46th GRE-chT Premier 2018"]
[Site "Rio Achaia"]
[Date "2018.07.10"]
[Round "1"]
[White "Tsolakidou, Stavroula"]
[Black "Petraki, Evaggelia"]
[Result "1-0"]
[ECO "A05"]
[WhiteElo "2423"]
[BlackElo "1814"]
[Annotator "NA"]
[PlyCount "59"]
[EventDate "2018.07.10"]
[EventType "team-tourn"]
[EventCountry "GRE"]
[SourceTitle "playchess.com"]
[Source "ChessBase"]
[SourceQuality "1"]
[TimeControl "40/5400+30:1800+30"]

1. Nf3 Nf6 2. c4 d6 3. Nc3 e5 4. d4 Nbd7 5. Bg5 Be7 6. e3 c6 7. Be2 Qc7 8. Qc2 a6 9. Rc1 O-O 10. O-O Re8 11. Rfd1 b6 12. h3 Bb7 13. Bh4 Rac8 14. Bg3 Bf8 15. b4 g6 16. a3 Rcd8 17. c5 bxc5 18. bxc5 Qc8 19. cxd6 Bxd6 20. dxe5 Bxe5 21. Nxe5 Nxe5 22. Rxd8 Qxd8 23. Na4 Nfd7 24. f4 Nb6 25. Nxb6 Qxb6 26. fxe5 Qxe3+ 27. Kh2 Qxa3 28. Rf1 Re7 29. Bc4 a5 30. Qf2 1-0

[Event "46th GRE-chT Premier 2018"]
[Site "Rio Achaia"]
[Date "2018.07.10"]
[Round "1"]
[White "Souleidis, Georgios"]
[Black "Panagiotakopoulos, Gerasimos"]
[Result "1-0"]
[ECO "B50"]
[WhiteElo "2415"]
[BlackElo "2165"]
[Annotator "NA"]
[PlyCount "55"]
[EventDate "2018.07.10"]
[EventType "team-tourn"]
[EventCountry "GRE"]
[SourceTitle "playchess.com"]
[Source "ChessBase"]
[SourceQuality "1"]
[TimeControl "40/5400+30:1800+30"]

1. e4 c5 2. Nf3 d6 3. Bc4 Nc6 4. O-O Nf6 5. d3 Bg4 6. c3 e6 7. h3 Bh5 8. Nbd2 Be7 9. Bb3 O-O 10. g4 Bg6 11. Nh4 d5 12. Qe2 b5 13. Bc2 e5 14. Ndf3 dxe4 15. dxe4 c4 16. Kh1 Nd7 17. Nf5 Nc5 18. Rd1 Qc7 19. Be3 Rfd8 20. Rd5 Bxf5 21. gxf5 Rxd5 22. exd5 Na5 23. Rg1 f6 24. b4 cxb3 25. axb3 Ncxb3 26. Qxb5 Qxc3 27. Bxb3 Nxb3 28. d6 1-0

[Event "46th GRE-chT Premier 2018"]
[Site "Rio Achaia"]
[Date "2018.07.10"]
[Round "1"]
[White "Kanakaris, Georgios"]
[Black "Papaioannou, Ioannis"]
[Result "1/2-1/2"]
[ECO "A05"]
[WhiteElo "2409"]
[BlackElo "2647"]
[Annotator "ChessBase"]
[PlyCount "128"]
[EventDate "2018.07.10"]
[EventType "team-tourn"]
[EventCountry "GRE"]
[SourceTitle "playchess.com"]
[Source "ChessBase"]
[SourceQuality "1"]
[TimeControl "40/5400+30:1800+30"]

1. Nf3 Nf6 2. c4 e6 3. e3 b6 4. b3 g6 5. Bb2 Bg7 6. Be2 O-O 7. O-O Bb7 8. d4 d5 9. Nc3 Nbd7 10. Rc1 c5 11. cxd5 Nxd5 12. Nxd5 Bxd5 13. Qd2 Qe7 14. dxc5 Bxb2 15. Qxb2 Nxc5 16. Rfd1 Rad8 17. Ne1 a5 18. Bb5 Qg5 19. Qe2 h5 20. Bc4 Bb7 21. Rxd8 Rxd8 22. Rd1 h4 23. h3 Qf6 24. Rxd8+ Qxd8 25. Nf3 Qf6 26. Nd4 Ne4 27. Qc2 Nc5 28. Qe2 Kg7 29. a3 e5 30. Nf3 Bxf3 31. Qxf3 Qxf3 32. gxf3 f5 33. b4 axb4 34. axb4 Nb7 35. Kf1 Nd6 36. Bd5 g5 37. Ke2 Kf6 38. Bc6 Ke6 39. e4 f4 40. Kd3 Ke7 41. Ke2 Kd8 42. Ba4 Kc7 43. Ke1 Nc8 44. Kd2 Nd6 45. Ke2 Kd8 46. Bc6 Ke7 47. Ke1 Kf7 48. Bd7 Kf6 49. Ke2 Ke7 50. Bc6 Nc8 51. Kd3 Na7 52. Ba4 b5 53. Bd1 Nc6 54. Kc3 Nd4 55. Kd3 Kd6 56. Be2 Kc6 57. Bd1 Kb6 58. Be2 Nc6 59. Kc3 Nd8 60. Kd3 Ne6 61. Bf1 Ka6 62. Be2 Kb6 63. Bf1 Nd4 64. Be2 Nxe2 1/2-1/2

[Event "46th GRE-chT Premier 2018"]
[Site "Rio Achaia"]
[Date "2018.07.10"]
[Round "1"]
[White "Prince, Bajaj"]
[Black "Kuljasevic, Davorin"]
[Result "1/2-1/2"]
[ECO "C96"]
[WhiteElo "2404"]
[BlackElo "2545"]
[Annotator "RC"]
[PlyCount "68"]
[EventDate "2018.07.10"]
[EventType "team-tourn"]
[EventCountry "GRE"]
[SourceTitle "playchess.com"]
[Source "ChessBase"]
[SourceQuality "1"]
[TimeControl "40/5400+30:1800+30"]

1. e4 e5 2. Nf3 Nc6 3. Bb5 a6 4. Ba4 Nf6 5. O-O Be7 6. Re1 b5 7. Bb3 d6 8. c3 O-O 9. h3 Na5 10. Bc2 c5 11. d4 Nd7 12. Nbd2 exd4 13. cxd4 Nc6 14. d5 Nce5 15. Nxe5 Nxe5 16. f4 Ng6 17. Nf3 Bh4 18. Nxh4 Qxh4 19. Rf1 f5 20. a4 fxe4 21. axb5 Bxh3 22. gxh3 Qg3+ 23. Kh1 Qxh3+ 24. Kg1 Qg3+ 25. Kh1 Qh3+ 26. Kg1 Qg3+ 27. Kh1 Rae8 28. Qe2 e3 29. Bxg6 hxg6 30. Rf3 Qh4+ 31. Qh2 Qe1+ 32. Qg1 Qh4+ 33. Qh2 Qe1+ 34. Qg1 Qh4+ 1/2-1/2

[Event "46th GRE-chT Premier 2018"]
[Site "Rio Achaia"]
[Date "2018.07.10"]
[Round "1"]
[White "Dochev, Dimitar"]
[Black "Tepelenis, Nikolaos"]
[Result "1-0"]
[ECO "C05"]
[WhiteElo "2399"]
[BlackElo "2079"]
[Annotator "NA"]
[PlyCount "45"]
[EventDate "2018.07.10"]
[EventType "team-tourn"]
[EventCountry "GRE"]
[SourceTitle "playchess.com"]
[Source "ChessBase"]
[SourceQuality "1"]
[TimeControl "40/5400+30:1800+30"]

1. e4 e6 2. d4 d5 3. Nd2 Nf6 4. e5 Nfd7 5. f4 c5 6. Ngf3 Nc6 7. Nb3 c4 8. Nbd2 b5 9. Be2 Qa5 10. O-O h5 11. Rf2 Nb6 12. Nf1 g6 13. Ne3 Be7 14. Bd2 Qa6 15. c3 Bd7 16. Ng5 Qb7 17. g3 Rc8 18. Ng2 Nd8 19. Nh4 Na4 20. Qc2 Bc6 21. b3 Nb6 22. Nxg6 fxg6 23. Qxg6+ 1-0

[Event "46th GRE-chT Premier 2018"]
[Site "Rio Achaia"]
[Date "2018.07.10"]
[Round "1"]
[White "Szczepkowska, Karina"]
[Black "Juhasz, Barbara"]
[Result "1/2-1/2"]
[ECO "E70"]
[WhiteElo "2396"]
[BlackElo "2227"]
[Annotator "NA"]
[PlyCount "82"]
[EventDate "2018.07.10"]
[EventType "team-tourn"]
[EventCountry "GRE"]
[SourceTitle "playchess.com"]
[Source "ChessBase"]
[SourceQuality "1"]
[TimeControl "40/5400+30:1800+30"]

1. d4 Nf6 2. c4 g6 3. Nc3 Bg7 4. e4 d6 5. Bd3 O-O 6. Nge2 Nc6 7. O-O e5 8. d5 Nd4 9. Rb1 c5 10. dxc6 bxc6 11. b4 Be6 12. b5 d5 13. cxd5 cxd5 14. Bg5 Nxe2+ 15. Qxe2 d4 16. Na4 Rc8 17. b6 axb6 18. Nxb6 Rb8 19. Nc4 Qc7 20. Rbc1 Nh5 21. g3 Rfc8 22. Bd2 Qa7 23. Rc2 Nf6 24. Kh1 Nd7 25. f4 exf4 26. gxf4 Bh3 27. Rg1 Qa8 28. Rg3 Be6 29. Kg1 Nc5 30. Nd6 Rc6 31. f5 Nxd3 32. Rxc6 Qxc6 33. fxe6 fxe6 34. Qxd3 Qxd6 35. a4 Be5 36. Rg2 Qc6 37. a5 Qa4 38. Rf2 Qd1+ 39. Rf1 Qg4+ 40. Kh1 Qh4 41. h3 Ra8 1/2-1/2

[Event "46th GRE-chT Premier 2018"]
[Site "Rio Achaia"]
[Date "2018.07.10"]
[Round "1"]
[White "Goumas, Georgios"]
[Black "Sandalakis, Nikolaos"]
[Result "1-0"]
[ECO "E46"]
[WhiteElo "2384"]
[BlackElo "2209"]
[Annotator "NA"]
[PlyCount "53"]
[EventDate "2018.07.10"]
[EventType "team-tourn"]
[EventCountry "GRE"]
[SourceTitle "playchess.com"]
[Source "ChessBase"]
[SourceQuality "1"]
[TimeControl "40/5400+30:1800+30"]

1. d4 Nf6 2. c4 e6 3. Nc3 Bb4 4. e3 O-O 5. Nge2 c6 6. a3 Ba5 7. c5 Re8 8. g3 d6 9. cxd6 Qxd6 10. b4 Bb6 11. Bb2 a5 12. b5 cxb5 13. Bg2 Bd7 14. O-O Na6 15. e4 Qb8 16. e5 b4 17. exf6 bxc3 18. Nxc3 Bc6 19. d5 exd5 20. Nxd5 Bxd5 21. Bxd5 Nc5 22. Bxf7+ Kxf7 23. Qh5+ Kg8 24. f7+ Kh8 25. Qh6 Re5 26. Bxe5 Qxe5 27. Qxb6 1-0

[Event "46th GRE-chT Premier 2018"]
[Site "Rio Achaia"]
[Date "2018.07.10"]
[Round "1"]
[White "Pavlidis, Anastasios"]
[Black "Pappas, Apostolos"]
[Result "1-0"]
[ECO "B08"]
[WhiteElo "2362"]
[BlackElo "2034"]
[Annotator "NA"]
[PlyCount "65"]
[EventDate "2018.07.10"]
[EventType "team-tourn"]
[EventCountry "GRE"]
[SourceTitle "playchess.com"]
[Source "ChessBase"]
[SourceQuality "1"]
[TimeControl "40/5400+30:1800+30"]

1. d4 d6 2. e4 Nf6 3. Nc3 g6 4. Nf3 Bg7 5. Bg5 h6 6. Be3 O-O 7. h3 a6 8. a4 Nc6 9. Qd2 Kh7 10. d5 Ne5 11. Nxe5 dxe5 12. Bc4 Ne8 13. O-O Nd6 14. Bb3 g5 15. g4 Bd7 16. f3 b5 17. axb5 axb5 18. Kg2 Qb8 19. h4 f6 20. Ne2 Rxa1 21. Rxa1 h5 22. gxh5 g4 23. h6 gxf3+ 24. Kxf3 Bh8 25. Ng3 f5 26. exf5 e4+ 27. Ke2 Bxf5 28. Nxf5 Nxf5 29. Rg1 c5 30. dxc6 Rd8 31. Qxd8 Qxd8 32. c7 Nd4+ 33. Kd1 1-0

[Event "46th GRE-chT Premier 2018"]
[Site "Rio Achaia"]
[Date "2018.07.10"]
[Round "1"]
[White "Papadopoulos, Georgios"]
[Black "Kazantzidis, Ilias"]
[Result "1-0"]
[ECO "D00"]
[WhiteElo "2352"]
[BlackElo "2182"]
[Annotator "NA"]
[PlyCount "85"]
[EventDate "2018.07.10"]
[EventType "team-tourn"]
[EventCountry "GRE"]
[SourceTitle "playchess.com"]
[Source "ChessBase"]
[SourceQuality "1"]
[TimeControl "40/5400+30:1800+30"]

1. d4 d5 2. Bf4 Nf6 3. e3 c5 4. Nf3 Nc6 5. Nbd2 Qb6 6. dxc5 Qxb2 7. Rb1 Qc3 8. Bd3 Qxc5 9. O-O e6 10. c4 Qa5 11. e4 dxe4 12. Nxe4 Nxe4 13. Bxe4 Be7 14. Qc2 f5 15. Bxc6+ bxc6 16. Nd4 Bf6 17. Nxc6 Qc5 18. Nb4 O-O 19. Rfd1 Bd4 20. Nd3 Qc6 21. Ne5 Bxe5 22. Bxe5 Bb7 23. f3 Rad8 24. Qc3 Rd7 25. Rxd7 Qxd7 26. Bxg7 Rc8 27. Be5 Ba6 28. Qe3 Bxc4 29. Qg5+ Kf8 30. Qf6+ Qf7 31. Qh8+ Qg8 32. Bd6+ Kf7 33. Qd4 Kg6 34. Qxa7 Qd8 35. Be5 Qf8 36. Bd4 Ra8 37. Qc7 Bxa2 38. Qg3+ Kh5 39. Qh3+ Kg6 40. Qg3+ Kh5 41. Rb7 Qh6 42. Qh3+ Kg6 43. Rg7+ 1-0

[Event "46th GRE-chT Premier 2018"]
[Site "Rio Achaia"]
[Date "2018.07.10"]
[Round "1"]
[White "Georgiev, Krum"]
[Black "Dorfanis, Ilarion"]
[Result "1-0"]
[ECO "A06"]
[WhiteElo "2330"]
[BlackElo "2179"]
[Annotator "NA"]
[PlyCount "75"]
[EventDate "2018.07.10"]
[EventType "team-tourn"]
[EventCountry "GRE"]
[SourceTitle "playchess.com"]
[Source "ChessBase"]
[SourceQuality "1"]
[TimeControl "40/5400+30:1800+30"]

1. Nf3 d5 2. g3 g6 3. Bg2 Bg7 4. O-O e5 5. d3 Ne7 6. Nbd2 O-O 7. e4 d4 8. Nc4 Nbc6 9. a4 Be6 10. Ng5 Bd7 11. Bd2 f6 12. Nf3 a6 13. b4 b5 14. axb5 axb5 15. Na3 Qb8 16. c3 Be6 17. cxd4 exd4 18. e5 fxe5 19. Ng5 Bd5 20. Bxd5+ Nxd5 21. Qb3 Nce7 22. Ne6 Rf5 23. Rfc1 c6 24. Rxc6 Nxc6 25. Qxd5 Ne7 26. Qb3 Kh8 27. Rc1 Ra6 28. Ng5 h6 29. Ne4 Qa8 30. Nxb5 Ra1 31. Rxa1 Qxa1+ 32. Kg2 Kh7 33. Nbd6 Qa8 34. Qe6 Nd5 35. Nxf5 gxf5 36. Qxf5+ Kh8 37. Qg6 Nc3 38. Bxh6 1-0

[Event "46th GRE-chT Premier 2018"]
[Site "Rio Achaia"]
[Date "2018.07.10"]
[Round "1"]
[White "Hristodoulou, Panagiotis"]
[Black "Tsagkaropoulos, Spyridon"]
[Result "1-0"]
[ECO "C49"]
[WhiteElo "2329"]
[BlackElo "2052"]
[Annotator "NA"]
[PlyCount "101"]
[EventDate "2018.07.10"]
[EventType "team-tourn"]
[EventCountry "GRE"]
[SourceTitle "playchess.com"]
[Source "ChessBase"]
[SourceQuality "1"]
[TimeControl "40/5400+30:1800+30"]

1. e4 e5 2. Nf3 Nc6 3. Nc3 Nf6 4. Bb5 Bb4 5. O-O O-O 6. d3 d6 7. Bg5 Bxc3 8. bxc3 Qe7 9. Nd2 h6 10. Bh4 Nd8 11. Re1 Ne6 12. f3 Nf4 13. Nf1 a5 14. a4 g5 15. Bf2 Kh7 16. Ne3 Rg8 17. d4 g4 18. Bh4 h5 19. Nd5 N4xd5 20. exd5 Bf5 21. Bd3 Bxd3 22. Qxd3+ Rg6 23. fxg4 hxg4 24. Rf1 Kg7 25. Qf5 Re8 26. Rf2 Rh8 27. Bxf6+ Qxf6 28. Qd7 Qg5 29. Rxf7+ Kh6 30. Raf1 exd4 31. cxd4 Qe3+ 32. Kh1 Qxd4 33. R7f5 Qe4 34. Qxc7 Re8 35. Qc3 Qe3 36. Qxa5 Qc5 37. Qd2+ Qe3 38. Qa5 Qc5 39. Qd2+ Qe3 40. Qb4 Qe4 41. Qb5 Re7 42. Rf8 Qxc2 43. Qb4 Qe4 44. Qc3 Qe5 45. Qc1+ Kh7 46. Qc8 Rgg7 47. Rh8+ Kg6 48. Qxg4+ Qg5 49. Qf3 Re3 50. Qf2 Qe7 51. Qf5# 1-0